 Dungeon Crawl Stone Soup version 0.19.0-22-gd96e5fe (webtiles) character file.

401 Krapule the Digger (level 6, -5/36 HPs)
             Began as a Gargoyle Earth Elementalist on Nov 18, 2016.
             Killed from afar by an orc wizard (6 damage)
             ... with a magic dart
             ... on level 5 of the Dungeon.
             The game lasted 00:19:51 (4851 turns).

Krapule the Digger (Gargoyle Earth Elementalist)    Turns: 4851, Time: 00:19:52

Health: -5/36      AC: 10    Str: 11    XL:     6   Next: 85%
Magic:  6/10       EV: 12    Int: 18    God:
Gold:   209        SH:  0    Dex: 10    Spells: 2 memorised, 7 levels left

rFire  . . .     SeeInvis .     y - +0 mace
rCold  . . .     Gourm    .     c - +0 robe
rNeg   + . .     Faith    .     (no shield)
rPois  ∞         Spirit   .     (no helmet)
rElec  +         Reflect  .     u - +0 cloak
rCorr  .         Harm     .     (no gloves)
MR     .....                    (no boots)
Stlth  ++........               (no amulet)
                                (no ring)
                                p - +3 ring of protection

@: no status effects
A: negative energy resistance 1, electricity resistance, unbreathing,
petrification resistance, rot immunity, AC +4
a: no special abilities


You were on level 5 of the Dungeon.
You were near starving.

You visited 2 branches of the dungeon, and saw 6 of its levels.

You collected 209 gold pieces.

Inventory:

Hand Weapons
 f - a +0 whip
 y - a +0 mace (weapon)
Missiles
 b - 302 stones (quivered)
Armour
 c - a +0 robe (worn)
 g - a +0 ring mail
 t - a +0 large shield
 u - a +0 cloak (worn)
Jewellery
 p - a +3 ring of protection (left hand)
Scrolls
 i - a scroll of noise {unknown}
 j - 2 scrolls of enchant weapon {unknown}
 n - 3 scrolls of fog {unknown}
 v - a scroll of remove curse {unknown}
 w - a scroll of amnesia {unknown}
Potions
 h - a potion of magic
 m - a potion of cancellation
 o - 2 potions of curing
 r - 2 potions of haste {unknown}
 s - 2 potions of lignification {unknown}
Books
 e - a book of Geomancy

   Spells                             Type                      Level
   a - Sandblast                      Earth                        1
   b - Passwall                       Transmutation/Earth          2
   c - Stone Arrow                    Conjuration/Earth            3
   d - Petrify                        Transmutation/Earth          4
   e - Lee's Rapid Deconstruction     Earth                        5
 x - Jessica's Grimoire of Talismans
   (You found it on level 3 of the Dungeon)

   Spells                             Type                      Level
   a - Repel Missiles                 Charms/Air                   2
Comestibles
 d - 3 bread rations
 k - a meat ration
 l - 3 beef jerkies
 z - 3 fruits


   Skills:
 + Level 2.7 Fighting
 - Level 2.0 Maces & Flails
 + Level 2.9 Armour
 + Level 2.5 Dodging
 + Level 3.3 Stealth
 + Level 3.0 Spellcasting
   Level 0.7 Transmutations
 + Level 4.8 Earth Magic


You had 7 spell levels left.
You knew the following spells:

 Your Spells              Type           Power        Failure   Level  Hunger
a - Sandblast             Erth           ###...       1%          1    None
z - Stone Arrow           Conj/Erth      ##....       21%         3    ###....


Dungeon Overview and Level Annotations

Branches:
Dungeon (5/15)             Temple (1/1) D:4

Altars:
Ashenzari
Cheibriados
Fedhas
Gozag
Hepliaklqana
Nemelex Xobeh
Okawaru
Qazlal
Ru
Sif Muna
Trog
Uskayaw
Xom
Yredelemnul
Zin
The Shining One

Annotations:
D:3 Grinder
D:4 Haldmier's ghost, amateur OgHu


Innate Abilities, Weirdness & Mutations

You are resistant to torment.
Your stone body is resilient. (AC +4)
You are immune to poison.
You resist negative energy. (rN+)
You are resistant to electric shocks. (rElec)
You can survive without breathing.
You are immune to petrification.
You are immune to rotting.


Message History

The orc hits you but does no damage. The ice beast hits you.
The ice beast freezes you!
* * * LOW HITPOINT WARNING * * *
The orc wizard barely misses you.
The water moccasin zombie bites you but does no damage.
The orc closely misses you.
You barely miss the water moccasin zombie.
The water moccasin zombie is moderately damaged.
The water moccasin zombie bites you but does no damage.
The ice beast hits you but does no damage.
The orc wizard closely misses you. The orc hits you but does no damage.
Unknown command.
You barely miss the water moccasin zombie.
The water moccasin zombie is moderately damaged.
The water moccasin zombie bites you.
* * * LOW HITPOINT WARNING * * *
The ice beast hits you but does no damage.
The orc wizard points at you and mumbles some strange words.
The magic dart hits you!
You die...

# .# #####.
## .... .#
##.###.##
#.<>#{..###..
#.#.Zo#..$...
#...#@Y.#
######o## .#
.# .# .# .#
.#


You could see an ice beast, an orc wizard, an orc and a water moccasin zombie.

Vanquished Creatures
  An ogre (D:4)
  A scorpion (D:4)
  An orc wizard (D:4)
  2 orc priests
  Jessica (D:3)
  A worker ant (D:3)
  A gnoll (D:1)
  3 adders (D:2)
  2 oozes
  A worm (D:3)
  2 dart slugs
  4 leopard geckos
  6 orcs
  A ball python (D:3)
  8 giant cockroaches
  3 goblins
  4 hobgoblins
  7 jackals (D:2)
  A quokka (D:3)
  11 bats
  7 frilled lizards
  6 kobolds
  12 rats
86 creatures vanquished.

Notes
Turn   | Place    | Note
-------+----------+-------------------------------------------
     0 | D:1      | Krapule the Gargoyle Earth Elementalist began the quest for the Orb.
     0 | D:1      | Reached XP level 1. HP: 10/10 MP: 3/3
   184 | D:1      | Reached XP level 2. HP: 12/15 MP: 1/5
   301 | D:1      | Reached XP level 3. HP: 10/20 MP: 1/6
   699 | D:1      | You fall through a shaft!
  1003 | D:2      | Learned a level 3 spell: Stone Arrow
  1084 | D:2      | Reached skill level 4 in Earth Magic
  1183 | D:2      | Reached skill level 1 in Armour
  1185 | D:2      | Reached skill level 1 in Fighting
  1367 | D:2      | Reached XP level 4. HP: 24/25 MP: 3/7
  1492 | D:2      | Found a glowing golden altar of the Shining One.
  1794 | D:2      | Reached skill level 1 in Maces & Flails
  1923 | D:2      | Found a sacrificial altar of Ru.
  2340 | D:3      | Noticed Jessica
  2346 | D:3      | Killed Jessica
  2346 | D:3      | Reached XP level 5. HP: 30/30 MP: 4/8
  2369 | D:3      | Identified Jessica's Grimoire of Talismans
  2817 | D:3      | Noticed Grinder
  3086 | D:4      | Noticed Haldmier's ghost (amateur OgHu)
  3265 | D:3      | HP: 1/31 [worker ant (6)]
  3305 | D:3      | Reached XP level 6. HP: 4/36 MP: 0/10
  4299 | D:4      | Found a shattered altar of Ashenzari.
  4299 | D:4      | Found a bloodstained altar of Trog.
  4304 | D:4      | Found a stormy altar of Qazlal.
  4306 | D:4      | Found an opulent altar of Gozag.
  4308 | D:4      | Found a hide-covered altar of Uskayaw.
  4571 | D:4      | Found a staircase to the Ecumenical Temple.
  4576 | Temple   | Entered the Ecumenical Temple
  4836 | D:5      | Entered Level 5 of the Dungeon
  4846 | D:5      | Noticed an ice beast
  4851 | D:5      | HP: 1/36 [water moccasin zombie (5)]
  4851 | D:5      | Killed from afar by an orc wizard

Skill      XL: |  1  2  3  4  5  6 |
---------------+-------------------+-----
Earth Magic    | 4 |  4.8
Armour         | 1 2 |  2.9
Fighting       | 1 2 |  2.7
Maces & Flails | 1 2 |  2.0
Dodging        | 2 |  2.5
Stealth        | 3 |  3.3
Spellcasting   | 3 |  3.0
Transmutations | |  0.7

Action                   |  1- 3 |  4- 6 || total
-------------------------+-------+-------++-------
Melee: Whip              |    91 |    90 ||   181
       Unarmed           |     3 |       ||     3
       Mace              |       |    56 ||    56
 Cast: Sandblast         |    34 |    59 ||    93
       Stone Arrow       |       |    17 ||    17
  Use: Scroll            |     4 |     1 ||     5
       Potion            |       |     1 ||     1
 Stab: Sleeping          |     1 |     3 ||     4
  Eat: Chunk             |     2 |    10 ||    12
       Pizza             |       |     1 ||     1
Armor: Robe              |    51 |    80 ||   131
Dodge: Dodged            |    70 |   151 ||   221
